 Dungeon Crawl Stone Soup version 0.29-a0-397-g846e4a0bbc (webtiles) character file.

Game seed: 12240569193311549696

59 Bruhh the Chiller (level 4, -4/32 HPs)
             Began as a Gnoll Ice Elementalist on May 12, 2022.
             Slain by a worm (5 damage)
             ... on level 2 of the Dungeon.
             The game lasted 00:01:57 (1907 turns).

Bruhh the Chiller (Gnoll Ice Elementalist)          Turns: 1907, Time: 00:01:57

Health: -4/32      AC:  2    Str:  7    XL:     4   Next: 3%
Magic:  7/11       EV: 13    Int: 17    God:
Gold:   79         SH:  0    Dex: 12    Spells: 6/13 levels left

rFire   . . .      SeeInvis .   m - +0 long sword
rCold   . . .      Faith    .   (no shield)
rNeg    . . .      Spirit   .   a - +0 robe
rPois   .          Reflect  .   (no helmet)
rElec   .          Harm     .   (no cloak)
rCorr   .          Rampage  .   (no gloves)
Will    .....                   (no boots)
Stlth   ++........              (no amulet)
HPRegen 0.10/turn               (no ring)
MPRegen 0.12/turn               (no ring)

@: attractive
A: fangs 1, strong nose, distributed training
a: no special abilities


You were on level 2 of the Dungeon.
You visited 1 branch of the dungeon, and saw 2 of its levels.

You collected 79 gold pieces.

Inventory:

Hand Weapons
 m - a +0 long sword (weapon)
Missiles
 l - 2 atropa-tipped darts
 o - 5 poisoned darts
Armour
 a - a +0 robe (worn)
Jewellery
 d - a ring of willpower
Scrolls
 e - a scroll of immolation {unknown}
 g - a scroll of enchant armour {unknown}
 h - 3 scrolls of identify {unknown}
 i - a scroll of blinking {unknown}
 j - a scroll of fog {unknown}
Potions
 b - a potion of magic
 c - a potion of lignification {unknown}


   Skills:
 + Level 1.0 Fighting
 + Level 1.0 Short Blades
 + Level 1.0 Long Blades
 + Level 1.0 Axes
 + Level 1.0 Maces & Flails
 + Level 1.0 Polearms
 + Level 1.0 Staves
 + Level 1.0 Slings
 + Level 1.0 Bows
 + Level 1.0 Crossbows
 + Level 1.0 Throwing
 + Level 1.0 Armour
 + Level 4.6 Dodging
 + Level 4.2 Stealth
 + Level 1.0 Shields
 + Level 1.0 Unarmed Combat
 + Level 5.0 Spellcasting
 + Level 0.7 Conjurations
 + Level 0.7 Hexes
 + Level 0.7 Summonings
 + Level 0.7 Necromancy
 + Level 0.7 Translocations
 + Level 0.7 Transmutations
 + Level 0.7 Fire Magic
 + Level 7.1 Ice Magic
 + Level 0.7 Air Magic
 + Level 0.7 Earth Magic
 + Level 0.7 Poison Magic
 + Level 1.1 Invocations
 + Level 1.0 Evocations


You had 6 spell levels left.
You knew the following spells:

 Your Spells              Type           Power      Damage    Failure   Level
a - Freeze                Ice            100%       1d11      1%          1
b - Frozen Ramparts       Ice            56%        1d7       2%          3
c - Ozocubu's Armour      Ice            28%        N/A       2%          3

Your spell library contained the following spells:

 Spells                   Type           Power      Damage    Failure   Level
 Hailstorm                Conj/Ice       17%        3d6       28%         4
 Call Canine Familiar     Summ           6%         N/A       30%         3
 Portal Projectile        Hex/Tloc       12%        N/A       30%         3
 Leda's Liquefaction      Hex/Erth       3%         N/A       71%         4


Dungeon Overview and Level Annotations

Branches:
Dungeon (2/15)

Altars:

Annotations:
D:2 1 runed translucent door, Crazy Yiuf


Innate Abilities, Weirdness & Mutations

You have very sharp teeth.
Your uncanny sense of smell can sniff out nearby items.
Your experience applies equally to all skills.


Message History

Your Polearms skill increases to level 1!
Your Staves skill increases to level 1!
Your Slings skill increases to level 1!
Your Bows skill increases to level 1!
Your Crossbows skill increases to level 1!
Your Throwing skill increases to level 1!
Your Armour skill increases to level 1!
Your Shields skill increases to level 1!
Your Unarmed Combat skill increases to level 1!
Your Evocations skill increases to level 1!
Your frozen ramparts will break if you move.
Continue?
Okay, then.
It was a potion of attraction.
You feel attractive to monsters.
The wall freezes the jackal.
The wall freezes the ball python.
You kill the ball python!
The wall freezes the worm!
You kill the worm!
The wall freezes the worm.
The worm barely misses you. The jackal is attracted toward you.
The goblin is attracted toward you. The hobgoblin is attracted toward you.
Unknown command.
You closely miss the goblin.
The wall freezes the jackal.
You kill the jackal!
The wall freezes the goblin.
You kill the goblin!
The hobgoblin is attracted toward you.
You have reached level 4!
You feel clever.
It was a potion of curing.
You feel better.
The wall freezes the worm.
The worm bites you.
* * * LOW HITPOINT WARNING * * *
The wall freezes the hobgoblin.
The hobgoblin shouts!
The hobgoblin is attracted toward you.
Unknown command.
It was a potion of cancellation.
Your magical effects are unravelling.
You feel magically purged.
You float gracefully downwards.
The frozen ramparts melt away.
The hobgoblin misses you. The worm bites you.
You die...

#.#...>#.......#..##########
#.#.#.......####.......<....
############# ##.##..#(####
)# ######.#...#....# ∆ #.
#......#...#..... ∆ ∆
.##.######.###..### #.#.#
#####.....#.. #.#w#.#
#†........#.# #§g@.#
#.......###.# #..)#.#
#.).........# #§..†#...#
#####.####... .=.. ....#
#.......# ..# .....#
#####.#.# . ....#.# #...#
.......# ##### ...... .#


You could see a worm and a hobgoblin.

Vanquished Creatures
  An adder (D:2)
  A worm (D:2)
  A dart slug (D:2)
  2 endoplasms (D:1)
  A giant cockroach (D:1)
  6 goblins
  4 hobgoblins
  4 jackals (D:2)
  4 quokkas
  2 ball pythons (D:2)
  3 bats
  2 frilled lizards (D:1)
  4 kobolds
  5 rats
40 creatures vanquished.

Notes
Turn   | Place    | Note
-------+----------+-------------------------------------------
     0 | D:1      | Bruhh the Gnoll Ice Elementalist began the quest for the
                  | Orb.
     0 | D:1      | Reached XP level 1. HP: 13/13 MP: 6/6
   174 | D:1      | Reached XP level 2. HP: 10/19 MP: 2/7
  1121 | D:1      | Found a faded altar of an unknown god.
  1124 | D:1      | Reached XP level 3. HP: 24/25 MP: 7/9
  1349 | D:2      | Reached skill level 5 in Spellcasting
  1442 | D:2      | Reached skill level 1 in Invocations
  1451 | D:2      | Learned a level 3 spell: Frozen Ramparts
  1455 | D:2      | Learned a level 3 spell: Ozocubu's Armour
  1855 | D:2      | Found a runed translucent door.
  1856 | D:2      | Noticed Crazy Yiuf
  1902 | D:2      | HP: 1/25 [hobgoblin/+0 rapier of speed (8)]
  1904 | D:2      | Reached skill level 1 in Fighting
  1904 | D:2      | Reached skill level 1 in Short Blades
  1904 | D:2      | Reached skill level 1 in Long Blades
  1904 | D:2      | Reached skill level 1 in Axes
  1904 | D:2      | Reached skill level 1 in Maces & Flails
  1904 | D:2      | Reached skill level 1 in Polearms
  1904 | D:2      | Reached skill level 1 in Staves
  1904 | D:2      | Reached skill level 1 in Slings
  1904 | D:2      | Reached skill level 1 in Bows
  1904 | D:2      | Reached skill level 1 in Crossbows
  1904 | D:2      | Reached skill level 1 in Throwing
  1904 | D:2      | Reached skill level 1 in Armour
  1904 | D:2      | Reached skill level 1 in Shields
  1904 | D:2      | Reached skill level 1 in Unarmed Combat
  1904 | D:2      | Reached skill level 1 in Evocations
  1906 | D:2      | Reached XP level 4. HP: 2/32 MP: 7/11
  1907 | D:2      | Slain by a worm

Illustrated notes

Levels and vault maps discovered:
D:1:      ncdulo_lavacross, layout_loops_ring,
          shapermc_ecumenical_altar_mp_ritualfount
D:2:      layout_basic, minmay_increasing_density, uniq_crazy_yiuf_cottage

Skill      XL: |  1  2  3 |
---------------+----------+-----
Spellcasting   | 5 |  5.0
Invocations    | 1 |  1.1
Fighting       | 1 |  1.0
Short Blades   | 1 |  1.0
Long Blades    | 1 |  1.0
Axes           | 1 |  1.0
Maces & Flails | 1 |  1.0
Polearms       | 1 |  1.0
Staves         | 1 |  1.0
Slings         | 1 |  1.0
Bows           | 1 |  1.0
Crossbows      | 1 |  1.0
Throwing       | 1 |  1.0
Armour         | 1 |  1.0
Shields        | 1 |  1.0
Unarmed Combat | 1 |  1.0
Evocations     | 1 |  1.0
Dodging        | |  4.6
Stealth        | |  4.2
Conjurations   | |  0.7
Hexes          | |  0.7
Summonings     | |  0.7
Necromancy     | |  0.7
Translocations | |  0.7
Transmutations | |  0.7
Fire Magic     | |  0.7
Ice Magic      | |  7.1
Air Magic      | |  0.7
Earth Magic    | |  0.7
Poison Magic   | |  0.7

Action                   |  1- 3 |  4- 6 || total
-------------------------+-------+-------++-------
Melee: Unarmed           |    15 |       ||    15
       Bite              |     5 |       ||     5
       Long sword        |     8 |       ||     8
 Cast: Freeze            |    42 |       ||    42
       Frozen Ramparts   |     1 |       ||     1
  Use: Potion            |     3 |     2 ||     5
 Stab: Sleeping          |     1 |       ||     1
Armor: Robe              |     9 |       ||     9
Dodge: Dodged            |    44 |     1 ||    45

Table legend: (Time is in decaauts)
 A = Elapsed time spent in this place.
 B = Non-inter-level travel time spent in this place.
 C = Inter-level travel time spent in this place.
 D = Time resting spent in this place.
 E = Time spent auto-exploring this place.
 F = Levels seen in this place.
 G = Mean time per level.
                   A        B        C        D        E       F      G
               +--------+--------+--------+--------+--------+-----+--------+
         Total |   1920 |   1903 |     17 |      0 |   1644 |   2 |  960.0 |
       Dungeon |   1920 |   1903 |     17 |      0 |   1644 |   2 |  960.0 |
               +--------+--------+--------+--------+--------+-----+--------+

Top non-repeatable levels by time:
     D:1: 1332 daAuts
     D:2: 588 daAuts
